 Dungeon Crawl Stone Soup version 0.26-a0-597-gb535b0901c (webtiles) character file.

Game seed: 6661345925980965504

15 Brandom the Sneak (level 2, -7/27 HPs)
             Began as a Palentonga Delver on Sept 10, 2020.
             Mangled by a phantom (8 damage)
             ... on level 5 of the Dungeon.
             The game lasted 00:03:44 (552 turns).

Brandom the Sneak (Palentonga Delver)                Turns: 552, Time: 00:03:44

Health: -7/27      AC:  4    Str: 15    XL:     2   Next: 34%
Magic:  2/2        EV:  9    Int: 10    God:
Gold:   12         SH:  0    Dex: 11    Spells: 1/1 levels left

rFire    . . .     SeeInvis +   a - +0 mace
rCold    . . .     Faith    .   (no shield)
rNeg     . . .     Spirit   .   b - +0 leather armour
rPois    .         Reflect  .   (no helmet)
rElec    .         Harm     .   (no cloak)
rCorr    .                      (no gloves)
MR       .....                  (no barding)
Stlth    ++........             (no amulet)
HPRegen  0.09/turn              (no ring)
MPRegen  0.08/turn              (no ring)

@: no status effects
A: large, rugged brown scales 3, see invisible, deformed body, roll, armoured
tail
a: Rolling Charge


You were on level 5 of the Dungeon.
You visited 1 branch of the dungeon, and saw 1 of its levels.

You collected 12 gold pieces.

Inventory:

Hand Weapons
 a - a +0 mace (weapon)
Missiles
 i - 4 boomerangs (quivered)
Armour
 b - a +0 leather armour (worn)
 h - a +0 chain mail
   (You took it off an orc on level 5 of the Dungeon)
Wands
 v - a wand of digging (3)
Scrolls
 c - a scroll of fog
 d - a scroll of magic mapping
 e - a scroll of fear
 g - a scroll of remove curse {unknown}
Potions
 f - 2 potions of haste {@q3}


   Skills:
 + Level 3.2 Fighting
 * Level 2.7 Maces & Flails
 - Level 1.5 Dodging
 - Level 3.3 Stealth


You had one spell level left.
You didn't know any spells.
Your spell library was empty.

Dungeon Overview and Level Annotations

Branches:
Dungeon (5/15)
 Temple: D:4-7

Altars:

Annotations:
D:5 Edmund


Innate Abilities, Weirdness & Mutations

You are completely covered in rugged brown scales. (AC +3, +7% HP)
You have supernaturally acute eyesight. (SInv)
Armour fits poorly on your strangely shaped body.
You can roll at foes to attack.
You have a long armoured tail.


Message History

You closely miss the jackal.
The jackal bites you but does no damage.
The jackal barely misses you.
You barely miss the jackal.
Your tail-slap misses the jackal.
The jackal closely misses you. The jackal completely misses you.
You closely miss the jackal. The jackal misses you.
The jackal barely misses you.
You hit the jackal.
The jackal bites you but does no damage.
The jackal misses you.
You barely miss the jackal.
The jackal bites you but does no damage.
You hit the jackal.
You kill the jackal!
You start waiting.
Done waiting.
There is an open door, spattered with blood here.
Items here: )) [ ÷÷ ††.
Okay, then.
A phantom comes into view.
The phantom blinks!
You start waiting.
A phantom is nearby!
There are no monsters in range.
There are no monsters in range.
There are no monsters in range.
Roll where?
Aim: a phantom You roll forward with a clatter of scales!
You completely miss the phantom. The phantom hits you!
The phantom blinks!
There are no monsters in range.
Roll where?
Aim: a phantom You roll forward with a clatter of scales!
You sock the phantom!
The phantom blinks!
Roll where?
Aim: a phantom (sparse dust, moderately damaged)
You roll forward with a clatter of scales!
You sock the phantom!
You tail-slap the phantom, but do no damage.
The phantom hits you.
You barely miss the phantom.
Your tail-slap misses the phantom.
The phantom hits you!
* * * LOW HITPOINT WARNING * * *
You hit the phantom. You tail-slap the phantom. The phantom hits you.
* * * LOW HITPOINT WARNING * * *
The phantom hits you.
* * * LOW HITPOINT WARNING * * *
The phantom hits you!
You die...

#....................'
#....................#
#.....................
###'#####.............
#......#.............
#......#.............
#......+.............
####)####.......######
#....@.>........#.....
#.....W.........).....
#..............÷#.....
#...............#....#
#...............#....#
#...............#.....
#...............#.....
#######.........#.....
###########.....


You could see a phantom.

Vanquished Creatures
  4 orcs (D:5)
  5 jackals (D:5)
9 creatures vanquished.

Notes
Turn   | Place    | Note
-------+----------+-------------------------------------------
     0 | D:5      | Brandom the Palentonga Delver began the quest for the Orb.
     0 | D:5      | Reached XP level 1. HP: 20/20 MP: 1/1
   181 | D:5      | Noticed Edmund
   254 | D:5      | Reached XP level 2. HP: 14/27 MP: 2/2
   529 | D:5      | Noticed a phantom
   549 | D:5      | HP: 1/27 [phantom (4)]
   552 | D:5      | Mangled by a phantom

Illustrated notes

Levels and vault maps discovered:
D:5:      layout_gridville, nrook_loot_triangle, nicolae_ashenzari_panopticon,
          uniq_edmund

Action                   || total
-------------------------++-------
Melee: Mace              ||    30
       Tailslap          ||     6
 Abil: Rolling Charge    ||     9
Armor: Leather armour    ||     8
Dodge: Dodged            ||    15

Table legend: (Time is in decaauts)
 A = Elapsed time spent in this place.
 B = Non-inter-level travel time spent in this place.
 C = Inter-level travel time spent in this place.
 D = Time resting spent in this place.
 E = Time spent auto-exploring this place.
 F = Levels seen in this place.
 G = Mean time per level.
                   A        B        C        D        E       F      G
               +--------+--------+--------+--------+--------+-----+--------+
         Total |    560 |    560 |      0 |    230 |    133 |   1 |  560.0 |
       Dungeon |    560 |    560 |      0 |    230 |    133 |   1 |  560.0 |
               +--------+--------+--------+--------+--------+-----+--------+

Top non-repeatable levels by time:
     D:5: 560 daAuts
